 Dungeon Crawl Stone Soup version 0.19-a0-320-gcfc3c9c (webtiles) character file.

136 Enish the Skirmisher (level 4, 0/40 HPs)
             Began as a Minotaur Artificer on May 28, 2016.
             Slain by a gnoll
             ... wielding a +0 flail
              (2 damage)
             ... on level 3 of the Dungeon.
             The game lasted 00:03:10 (2082 turns).

Enish the Skirmisher (Minotaur Artificer)           Turns: 2082, Time: 00:03:11

Health: 0/40       AC: 10    Str: 16 (17) XL:     4   Next: 98%
Magic:  5/5        EV:  5    Int: 12 (13) God:
Gold:   80         SH:  0    Dex:  8 (11) Spells: 0 memorised, 3 levels left

rFire  . . .     SeeInvis .     a - +1 hand axe (venom)
rCold  . . .     Gourm    .     t - +0 plate armour
rNeg   . . .     Faith    .     (no shield)
rPois  .         Spirit   .     (helmet restricted)
rElec  .         Dismiss  .     (no cloak)
rCorr  .         Reflect  .     (no gloves)
SustAt .         Harm     .     (no boots)
MR     .....                    (no amulet)
Stlth  ..........               (no ring)
                                (no ring)

@: brilliant, not resistant to hostile enchantments, extremely unstealthy
A: retaliatory headbutt, horns 2
a: no special abilities


You were on level 3 of the Dungeon.
You were not hungry.

You visited 1 branch of the dungeon, and saw 3 of its levels.

You collected 80 gold pieces.

Inventory:

Hand Weapons
 a - a +1 hand axe of venom (weapon)
 n - a +0 short sword
Armour
 t - a +0 plate armour (worn)
Wands
 c - a wand of flame (45/48)
 d - a wand of enslavement (15/24)
 e - a wand of random effects (15/48)
Scrolls
 h - 3 scrolls of identify {unknown}
 i - a scroll of random uselessness {unknown}
 j - 4 scrolls of remove curse
 k - 3 scrolls of teleportation {unknown}
 p - a scroll of enchant armour {unknown}
 q - a scroll of fog {unknown}
 s - a scroll of enchant weapon {unknown}
 u - a scroll of amnesia {unknown}
Potions
 b - a potion of curing {unknown}
 l - a potion of might {unknown}
 m - a potion of degeneration
 o - a potion of brilliance
Comestibles
 f - 3 bread rations
 g - 3 beef jerkies
 r - a meat ration


   Skills:
 - Level 4.0 Fighting
 - Level 1.1 Short Blades
 * Level 3.6 Axes
 + Level 1.2 Armour
 - Level 2.1 Dodging
 - Level 0.7 Stealth
 - Level 2.6 Evocations


You had 3 spell levels left.
You didn't know any spells.

Dungeon Overview and Level Annotations

Branches:
Dungeon (3/15)

Altars:


Innate Abilities, Weirdness & Mutations

You reflexively headbutt those who attack you in melee.
You have a pair of horns on your head.


Message History

The gnoll hits you with a flail!
* * * LOW HITPOINT WARNING * * *
A rat comes into view.
Unknown command.
Drink which item? (? for menu, Esc to quit)
It was a potion of degeneration.
There was something very wrong with that liquid.
You feel weakened.
You feel dopey.
You feel clumsy. The gnoll hits you with a flail.
* * * LOW HITPOINT WARNING * * *
The gnoll hits you with a flail.
* * * LOW HITPOINT WARNING * * *
Drink which item? (? for menu, Esc to quit)
It was a potion of brilliance.
You feel clever all of a sudden. The gnoll barely misses you.
You furiously retaliate!
You headbutt the gnoll.
You kill the gnoll!
Your Armour skill increases to level 1!
The gnoll hits you with a flail.
You die...

............[.##
#.# #.#
#############..#
#.# #.# ##.##
#.# #.# #..# #.#
#.# #### ##†#
#.# #.# #...
#.###.# #.# #.##
#..##.# #.##
##.# #.## #@#
#.## #)g# #.##
##g# #... .#
#### .# r. #. ..


You could see 2 gnolls and a rat.

Vanquished Creatures
  A centaur skeleton (D:3)
  2 gnolls (D:3)
  2 adders (D:2)
  2 oozes
  5 worms (D:2)
  An orc (D:3)
  9 bats
  A giant cockroach (D:2)
  7 goblins
  7 hobgoblins
  7 kobolds
  A quokka (D:2)
  A ball python (D:3)
  6 rats
52 creatures vanquished.

Notes
Turn   | Place    | Note
--------------------------------------------------------------
     0 | D:1      | Enish the Minotaur Artificer began the quest for the Orb.
     0 | D:1      | Reached XP level 1. HP: 16/16 MP: 1/1
   147 | D:1      | Reached skill level 2 in Fighting
   248 | D:1      | Reached XP level 2. HP: 25/25 MP: 3/3
   289 | D:1      | Reached skill level 3 in Fighting
   788 | D:2      | Reached XP level 3. HP: 28/31 MP: 4/4
   893 | D:2      | Reached skill level 4 in Fighting
  1085 | D:2      | Reached skill level 1 in Axes
  1326 | D:2      | Reached XP level 4. HP: 36/40 MP: 5/5
  2081 | D:3      | HP: 1/40 [gnoll/flail (2)]
  2082 | D:3      | Reached skill level 1 in Armour
  2082 | D:3      | Slain by a gnoll

Vault maps used:
D:1:      erik_arrival_cave_to_civilisation
D:2:      first_bread

Skill      XL: |  1  2  3  4 |
---------------+-------------+-----
Fighting       | 2 3 4 |  4.0
Axes           | 2 3 |  3.6
Armour         | 1 |  1.2
Short Blades   | |  1.1
Dodging        | |  2.1
Stealth        | |  0.7
Evocations     | |  2.6

Action                   |  1- 3 |  4- 6 || total
-------------------------+-------+-------++-------
Melee: Short sword       |    50 |       ||    50
       Headbutt          |    12 |     4 ||    16
       Hand axe          |    28 |    39 ||    67
  Use: Scroll            |     2 |     1 ||     3
       Potion            |       |     2 ||     2
  Eat: Chunk             |     1 |       ||     1
       Meat ration       |       |     1 ||     1
Armor: Leather armour    |    15 |     5 ||    20
       Plate armour      |       |    11 ||    11
Dodge: Dodged            |    55 |    17 ||    72
